 Dungeon Crawl Stone Soup version 0.23.2-1-ga50397a (webtiles) character file.

Game seed: 8086047970025457908

2250 MalarOregon the Ruffian (level 9, -3/78 HPs)
             Began as a Ghoul Gladiator on May 29, 2019.
             Was a Follower of Makhleb.
             Slain by an ogre
             ... wielding a +0 giant spiked club
              (27 damage)
             ... on level 7 of the Dungeon.
             The game lasted 00:10:17 (8451 turns).

MalarOregon the Ruffian (Ghoul Gladiator)           Turns: 8451, Time: 00:10:18

Health: -3/78      AC:  8    Str: 21    XL:     9   Next: 37%
Magic:  9/9        EV: 11    Int:  3    God:    Makhleb [*.....]
Gold:   376        SH:  0    Dex: 10    Spells: 8/8 levels left

rFire    . . .     SeeInvis .     - Unarmed
rCold    + . .     Gourm    .   (no shield)
rNeg     + + +     Faith    .   d - +0 scale mail
rPois    ∞         Spirit   .   b - +0 helmet
rElec    .         Reflect  .   (no cloak)
rCorr    .         Harm     .   (no gloves)
MR       .....                  (no boots)
Stlth    +.........             (no amulet)
HPRegen  0.00/turn              (no ring)
MPRegen  0.11/turn              (no ring)

@: rotting
A: rotting body, claws 1, carnivore, cold resistance 1, negative energy
resistance 3, inhibited regeneration, torment resistance, unbreathing
a: Renounce Religion


You were on level 7 of the Dungeon.
You worshipped Makhleb.
Makhleb was aware of your devotion.
You were hungry.

You visited 2 branches of the dungeon, and saw 8 of its levels.
You also visited: Sewer.

You collected 376 gold pieces.

Inventory:

Hand Weapons
 q - a +0 blowgun
   (You took it off a kobold on level 3 of the Dungeon)
 C - the +3 falchion of the Dragonfly {freeze, rN+ Str+2, unknown}
   (You found it on level 6 of the Dungeon)

   It has been specially enchanted to freeze those struck by it, causing extra
   injury to most foes and up to half again as much damage against particularly
   susceptible opponents.
   It can also slow down cold-blooded creatures.
   It affects your strength (+2).
   It protects you from negative energy.
Missiles
 p - 14 poisoned needles
 E - 5 tomahawks (quivered)
Armour
 b - a +0 helmet (worn)
 c - a +0 cloak
   (You took it off Crazy Yiuf on level 2 of the Dungeon)
 d - a +0 scale mail (worn)
   (You found it on level 1 of the Dungeon)
Jewellery
 A - a +2 ring of strength {unknown}
   (You found it on level 6 of the Dungeon)
Wands
 B - a wand of polymorph (9)
   (You found it on level 6 of the Dungeon)
Scrolls
 a - 3 scrolls of identify {@r1}
 h - 3 scrolls of amnesia
 k - 3 scrolls of immolation {!r}
 m - a scroll of noise {unknown}
 o - 3 scrolls of remove curse {@r2}
 s - a scroll of summoning {unknown}
 t - 3 scrolls of teleportation {@r4}
 u - a scroll of fog
 w - a scroll of fear {unknown}
 x - 3 scrolls of magic mapping {unknown}
 y - a scroll of brand weapon {unknown}
 z - a scroll of holy word {unknown}
Potions
 f - 2 potions of agility
 g - a potion of haste {unknown}
 i - a potion of flight {unknown}
 j - a potion of brilliance {unknown}
 l - 3 potions of curing {unknown}
 n - 3 potions of might {unknown}
 r - a potion of invisibility {unknown}
 v - a potion of heal wounds {unknown}
Comestibles
 e - 11 rations {!d}
 D - 17 chunks of flesh


   Skills:
 + Level 6.7 Fighting
 + Level 5.5 Throwing
 + Level 4.9 Armour
 - Level 3.0 Dodging
 + Level 2.8 Stealth
 + Level 7.1 Unarmed Combat
 + Level 2.3 Invocations


You had 8 spell levels left.
You didn't know any spells.
Your spell library was empty.

Dungeon Overview and Level Annotations

Branches:
Dungeon (7/15)             Temple (1/1) D:5

Altars:
Ashenzari
Dithmenos
Fedhas
Gozag
Makhleb
Qazlal
Ru
Sif Muna
Trog
Uskayaw
Vehumet
Wu Jian
Xom
Yredelemnul
Zin
The Shining One

Annotations:
D:3 Grinder


Innate Abilities, Weirdness & Mutations

Your body is rotting away.
You thrive on raw meat.
You are immune to poison.
You have sharp fingernails.
You are carnivorous and can eat meat at any time.
Your flesh is cold resistant. (rC+)
You are immune to negative energy. (rN+++)
You do not regenerate when monsters are visible.
You are immune to unholy pain and torment.
You can survive without breathing.


Message History

You barely miss the gnoll. The gnoll hits you but does no damage.
The gnoll closely misses you.
You claw the gnoll!
You kill the gnoll!
Makhleb accepts your kill. The gnoll barely misses you.
The gnoll shaman calls upon its god to speed up the gnoll.
The gnoll seems to speed up.
The gnoll barely misses you.
Things that are here:
a +0 club; a gnoll corpse You scratch the gnoll but do no damage.
The gnoll barely misses you.
You closely miss the gnoll. The gnoll completely misses you.
You scratch the gnoll. The gnoll hits you but does no damage.
You claw the gnoll!
You kill the gnoll!
Makhleb accepts your kill.
You closely miss the gnoll shaman.
The gnoll shaman hits you with a +0 club.
You scratch the gnoll shaman.
The gnoll shaman hits you with a +0 club.
Your scale mail prevents you from hitting the gnoll shaman.
You closely miss the gnoll shaman. The gnoll shaman closely misses you.
You closely miss the gnoll shaman.
The gnoll shaman hits you but does no damage.
You claw the gnoll shaman! The gnoll shaman barely misses you.
You barely miss the gnoll shaman.
The gnoll shaman hits you with a +0 club!
You scratch the gnoll shaman but do no damage.
You claw the gnoll shaman!
The gnoll shaman hits you with a +0 club.
You claw the gnoll shaman!
You kill the gnoll shaman!
Makhleb accepts your kill.
You scratch the gnoll. The gnoll hits you with a +0 flail.
You scratch the gnoll. The gnoll hits you but does no damage.
You claw the gnoll!
You kill the gnoll!
Makhleb accepts your kill. The ogre barely misses you.
Items here: ))) [ † a +0 flail; a +0 club; a +0 leather armour; a +0 spear; a gnoll corpse You scratch the ogre.
The ogre closely misses you.
You claw the ogre! You scratch the ogre.
The ogre hits you with a +0 giant spiked club!!
* * * LOW HITPOINT WARNING * * *
You scratch the ogre.
The ogre hits you with a +0 giant spiked club!!
You die...

#.#.##.#
#.#....#
#....###
####.# #.# .
#.# ... #.#
...g# #)#
....g.###@#
.........O#
....###.....#
. #.###.# ..#
<# .### # #.
. ##


You could see an ogre.

Vanquished Creatures
  Sigmund (D:3)
  A hornet zombie (D:6)
  A sky beast (D:2)
  A centaur (D:6)
  2 necrophages
  3 ogres
  2 bullfrogs
  2 scorpions (D:5)
  A bullfrog zombie (D:6)
  2 hounds (D:6)
  2 jellies (D:5)
  A centaur zombie (D:5)
  A gnoll shaman (D:7)
  4 orc priests
  Crazy Yiuf (D:2)
  9 orc wizards
  A centaur skeleton (D:5)
  10 worker ants
  Terence (D:2)
  A hound skeleton (D:4)
  A worker ant zombie (D:5)
  6 gnolls
  2 howler monkey skeletons (D:4)
  7 adders
  A river rat (D:5)
  2 shadow imps (D:5)
  2 oozes
  An adder skeleton (D:5)
  5 worms
  A dart slug (D:1)
  5 leopard geckos
  28 orcs
  6 giant cockroaches
  6 goblins
  5 hobgoblins
  11 jackals
  A quokka (D:4)
  4 ball pythons
  7 bats
  11 frilled lizards
  13 kobolds
  A quokka skeleton (D:4)
  9 rats
  A spectral orc (D:6)
  6 plants (Sewer)
189 creatures vanquished.

Vanquished Creatures (others)
  A scorpion (D:5)
  A hound (D:5)
  A leopard gecko (D:5)
  A quokka (D:5)
  A plant (Sewer)
5 creatures vanquished.

Grand Total: 194 creatures vanquished

Notes
Turn   | Place    | Note
-------+----------+-------------------------------------------
     0 | D:1      | MalarOregon the Ghoul Gladiator began the quest for the
                  | Orb.
     0 | D:1      | Reached XP level 1. HP: 17/17 MP: 0/0
   171 | D:1      | Reached XP level 2. HP: 24/24 MP: 1/1
   233 | D:1      | Found a shattered altar of Ashenzari.
   375 | D:1      | Reached XP level 3. HP: 30/30 MP: 2/2
   876 | D:2      | Found a runed translucent door.
   877 | D:2      | Noticed Crazy Yiuf
   897 | D:2      | Noticed Terence
   917 | D:2      | Killed Terence
   917 | D:2      | Reached XP level 4. HP: 19/37 MP: 3/3
  1818 | D:2      | Reached skill level 4 in Unarmed Combat
  2198 | D:2      | Killed Crazy Yiuf
  2198 | D:2      | Reached skill level 1 in Armour
  2477 | D:3      | Reached XP level 5. HP: 32/45 MP: 4/4
  2510 | D:3      | Noticed a sky beast
  2514 | D:3      | Noticed Sigmund
  2631 | D:2      | Killed a sky beast
  3576 | D:3      | Killed Sigmund
  3576 | D:3      | Reached XP level 6. HP: 41/47 MP: 5/5
  3770 | D:3      | Noticed Grinder
  3921 | D:3      | Reached skill level 5 in Unarmed Combat
  3921 | D:3      | Reached XP level 7. HP: 42/59 MP: 6/6
  3927 | D:3      | Found a glowing golden altar of the Shining One.
  4240 | D:4      | Found a stormy altar of Qazlal.
  4856 | D:4      | Reached skill level 5 in Fighting
  4863 | D:4      | Found an ornate altar of the Wu Jian Council.
  5172 | D:4      | Reached XP level 8. HP: 54/68 MP: 7/7
  5390 | D:5      | Entered Level 5 of the Dungeon
  5467 | D:5      | Reached skill level 6 in Unarmed Combat
  5586 | D:5      | Found a glowing drain.
  5595 | Sewer    | Entered a sewer
  6538 | D:5      | Found a blossoming altar of Fedhas.
  6716 | D:5      | Found a shimmering altar of Xom.
  6895 | D:5      | Found a staircase to the Ecumenical Temple.
  6912 | D:5      | Reached skill level 5 in Throwing
  6922 | Temple   | Entered the Ecumenical Temple
  7193 | Temple   | Became a worshipper of Makhleb the Destroyer
  7592 | D:6      | Found a hide-covered altar of Uskayaw.
  7609 | D:6      | Reached skill level 1 in Stealth
  7686 | D:6      | Reached skill level 1 in Invocations
  7715 | D:6      | Reached XP level 9. HP: 59/78 MP: 7/9
  7777 | D:6      | Found a basalt altar of Yredelemnul.
  7916 | D:6      | Reached skill level 7 in Unarmed Combat
  8205 | D:6      | Got a bloodstained falchion
  8322 | D:7      | Reached * piety under Makhleb
  8451 | D:7      | Slain by an ogre

Skill      XL: |  1  2  3  4  5  6  7  8  9 |
---------------+----------------------------+-----
Throwing       | 2 3 4 5 |  5.5
Dodging        | 3 |  3.0
Fighting       | 3 4 5 6 |  6.7
Unarmed Combat | 4 5 6 7 |  7.1
Armour         | 1 2 3 4 |  4.9
Stealth        | 1 2 |  2.8
Invocations    | 1 2 |  2.3

Action                   |  1- 3 |  4- 6 |  7- 9 || total
-------------------------+-------+-------+-------++-------
Melee: Unarmed           |    88 |   140 |   662 ||   890
       Punch             |       |     3 |    14 ||    17
Throw: Throwing net      |       |     5 |       ||     5
  Use: Scroll            |     3 |     3 |       ||     6
  Eat: Chunk             |     6 |    13 |    17 ||    36
       Ration            |       |       |     1 ||     1
Armor: Leather armour    |     5 |       |       ||     5
       Scale mail        |    15 |    92 |   180 ||   287
Dodge: Dodged            |    44 |    86 |   271 ||   401
